 Dungeon Crawl Stone Soup version 0.30-a0-465-g8901f6c8b5 (webtiles) character file.

Game seed: 17300593565318356081

429 tilp the Trooper (level 7, -1/60 HPs)
             Began as a Meteoran Fighter on Dec 18, 2022.
             Slain by a mummy (15 damage)
             ... in an ossuary.
             The game lasted 00:05:12 (947 turns).

tilp the Trooper (Meteoran Fighter)                  Turns: 947, Time: 00:05:13

Health: -1/60      AC:  9    Str: 17    XL:     7   Next: 43%
Magic:  8/8        EV:  8    Int: 10    God:
Gold:   136        SH:  5    Dex: 16    Spells: 6/6 levels left

rFire   . . .      SeeInvis .    a - +1 long sword
rCold   . . .      Faith    .    c - +0 buckler
rNeg    . . .      Spirit   .    n - +0 chain mail
rPois   .          Reflect  .    (no helmet)
rElec   .          Harm     .    (no cloak)
rCorr   .          Rampage  .    (no gloves)
Will    .....                    (no boots)
Stlth   ..........               (no amulet)
HPRegen 0.30/turn                (no ring)
MPRegen 0.11/turn                (no ring)

@: glowing
A: sense surroundings 1, otherworldly, glowing, explore regen
a: no special abilities


You were in an ossuary.
You visited 1 branch of the dungeon, and saw 5 of its levels.
You also visited: Ossuary.

You collected 136 gold pieces.

Inventory:

Hand Weapons
 a - a +1 long sword (weapon)
Missiles
 d - 5 poisoned darts (quivered)
 f - 2 throwing nets
 m - 2 silver boomerangs
Armour
 b - a +0 scale mail
 c - a +0 buckler (worn)
 n - a +0 chain mail (worn)
Wands
 p - a wand of acid (7)
Scrolls
 e - 3 scrolls of fog
 g - a scroll of teleportation
 l - 2 scrolls of identify
 o - a scroll of poison
Potions
 h - a potion of magic {unknown}
 i - 3 potions of lignification
 j - a potion of brilliance {unknown}
 k - 3 potions of curing {unknown}
 q - 2 potions of cancellation {unknown}


   Skills:
 + Level 4.7 Fighting
 * Level 4.3 Long Blades
 + Level 0.7 Throwing
 - Level 4.0 Armour
 * Level 4.3 Dodging
 + Level 2.1 Stealth
 - Level 4.0 Shields
 + Level 0.9 Evocations


You had 6 spell levels left.
You didn't know any spells.
Your spell library contained the following spells:

 Spells                   Type           Power      Damage    Failure   Level
 Necrotise                Necr           0%         1d4       100%        1
 Vampiric Draining        Necr           0%         2d6       100%        3
 Agony                    Necr           0%         N/A       100%        5


Dungeon Overview and Level Annotations

Branches:
Dungeon (5/15) Zot: 2081  Ossuary (1/1) Zot: 534
 Temple: D:4-7

Altars:
Fedhas
Kikubaaqudgha


Innate Abilities, Weirdness & Mutations

You passively map a small area around you.
You are easily found by Zot.
You glow in the dark.
You regain HP and MP as you explore.


Message History

You hit the kobold zombie.
The kobold zombie is almost destroyed.
The kobold zombie hits you but does no damage.
You slash the kobold zombie!
You destroy the kobold zombie!
You hit the mummy.
The mummy is lightly damaged.
You hit the mummy.
The mummy is lightly damaged.
You block the mummy's attack.
You hit the mummy.
The mummy is moderately damaged.
You block the mummy's attack.
You hit the mummy.
The mummy is severely damaged.
You block the mummy's attack. The mummy barely misses you.
You slash the mummy!
You destroy the mummy!
You hit the mummy.
The mummy is moderately damaged.
The mummy hits you! The mummy closely misses you.
You slash the mummy!
The mummy is heavily damaged.
The mummy hits you! The mummy hits you.
You are too injured to fight recklessly!
You are too injured to fight recklessly!
Unknown command.
You are too injured to fight recklessly!
You hit the mummy.
The mummy is almost destroyed.
The mummy hits you. The mummy closely misses you. The mummy hits you!
* * * LOW HITPOINT WARNING * * *
You hit the mummy.
You destroy the mummy!
The mummy barely misses you.
Unknown command.
You slash the mummy!
The mummy is moderately damaged.
The mummy hits you!
You die...

#....# ,
* * ,
#....# ,
#....#, ,
, #....#
, #....#
,,
,#....#
,, * *
,,*#....#
#...M# ,
,* #.∩M@#
, ######
*


You could see 2 mummies.

Vanquished Creatures
  An ogre (D:4)
  2 black bears (D:5)
  A necrophage (D:5)
  An orc wizard (D:3)
  2 mummies (Ossuary)
  An adder (D:5)
  A white imp (D:5)
  3 worms
  A dart slug (D:5)
  3 orcs
  3 endoplasms
  A giant cockroach (D:3)
  2 goblins
  2 hobgoblins
  A jackal (D:2)
  2 quokkas
  4 ball pythons
  4 bats
  A frilled lizard (D:3)
  A gnoll zombie (Ossuary)
  A hobgoblin zombie (Ossuary)
  4 kobold zombies (Ossuary)
  An orc zombie (Ossuary)
  4 rats
47 creatures vanquished.

Notes
Turn   | Place    | Note
-------+----------+-------------------------------------------
     0 | D:1      | tilp the Meteoran Fighter began the quest for the Orb.
     0 | D:1      | Reached XP level 1. HP: 19/19 MP: 2/2
   171 | D:1      | Reached XP level 2. HP: 26/26 MP: 3/3
   243 | D:2      | Reached skill level 1 in Dodging
   417 | D:3      | Reached XP level 3. HP: 27/31 MP: 4/4
   459 | D:3      | Reached XP level 4. HP: 17/38 MP: 5/5
   474 | D:3      | Found an ancient bone altar of Kikubaaqudgha.
   646 | D:4      | Found a blossoming altar of Fedhas.
   662 | D:4      | Noticed an ogre
   671 | D:4      | Killed an ogre
   672 | D:4      | Reached skill level 1 in Stealth
   672 | D:4      | Reached XP level 5. HP: 46/46 MP: 6/6
   710 | D:5      | Entered Level 5 of the Dungeon
   713 | D:5      | Noticed a necrophage
   724 | D:5      | Killed a necrophage
   725 | D:5      | Reached XP level 6. HP: 39/52 MP: 7/7
   806 | D:5      | Noticed a black bear
   807 | D:5      | Noticed a black bear
   820 | D:5      | Killed a black bear
   821 | D:5      | Reached XP level 7. HP: 43/60 MP: 8/8
   874 | D:5      | Found a sand-covered staircase.
   889 | Ossuary  | Entered an ossuary
   947 | Ossuary  | Slain by a mummy

Illustrated notes

Levels and vault maps discovered:
D:1:      lemuel_arrival_tunnels, layout_loops_ring,
          minmay_misc_feat_four_crosses
D:2:      cheibrodos_helix_gallery, layout_basic, minmay_tromino_v4_a
D:3:      layout_loops_corners, mainiacjoe_overflow_small_starburst,
          mainiacjoe_overflow_paths
D:4:      layout_gridville, fedhas_altar_2, kennysheep_mini,
          hangedman_ru_absence, nzn_hepliaklqana_mist_gate
D:5:      layout_cave_pools, enter_ossuary_5, gammafunk_ghost_mausoleum
Ossuary:  ossuary_tomb_3

Skill      XL: |  1  2  3  4  5  6 |
---------------+-------------------+-----
Dodging        | 1 2 3 4 |  4.3
Shields        | 4 |  4.0
Armour         | 4 |  4.0
Long Blades    | 3 4 |  4.3
Stealth        | 1 2 |  2.1
Fighting       | 4 |  4.7
Throwing       | |  0.7
Evocations     | |  0.9

Action                   |  1- 3 |  4- 6 |  7- 9 || total
-------------------------+-------+-------+-------++-------
Melee: Long sword        |    49 |    45 |    36 ||   130
Throw: Dart              |       |     2 |       ||     2
Evoke: Wand              |       |     1 |     1 ||     2
  Use: Potion            |       |     1 |       ||     1
       Scroll            |       |     7 |       ||     7
Armor: Scale mail        |    29 |    12 |    11 ||    52
       Chain mail        |       |       |    15 ||    15
Dodge: Dodged            |    17 |    22 |    11 ||    50
Block: Buckler           |    15 |    13 |    17 ||    45

Table legend: (Time is in decaauts)
 A = Elapsed time spent in this place.
 B = Non-inter-level travel time spent in this place.
 C = Inter-level travel time spent in this place.
 D = Time resting spent in this place.
 E = Time spent auto-exploring this place.
 F = Levels seen in this place.
 G = Mean time per level.
                   A        B        C        D        E       F      G
               +--------+--------+--------+--------+--------+-----+--------+
         Total |    982 |    949 |     33 |      0 |      0 |   6 |  163.7 |
       Dungeon |    918 |    885 |     33 |      0 |      0 |   5 |  183.6 |
       Ossuary |     64 |     64 |      0 |      0 |      0 |   1 |   64.0 |
               +--------+--------+--------+--------+--------+-----+--------+

Top non-repeatable levels by time:
     D:3: 253 daAuts
     D:1: 206 daAuts
     D:2: 206 daAuts
     D:5: 185 daAuts
     D:4: 67 daAuts
 Ossuary: 64 daAuts
